[Event "Late Titled Tuesday Blitz February 8 2022"]
[White "Erdogdu, Mert"]
[Black "Djokic, Mihailo"]
[WhiteFideId "6301495"]
[BlackFideId "976440"]
[WhiteElo "2485"]
[BlackElo "2008"]
[Result "1-0"]
[Round "10"]
[TimeControl "180+1"]
[Date "2022.02.08"]
[WhiteClock "0:00:04"]
[BlackClock "0:00:01"]

1. e4 c5 2. Nf3 d6 3. d4 cxd4 4. Nxd4 Nf6 5. Nc3 g6 6. Be3 Bg7 7. f3 O-O 8. Qd2 Nc6 9. Bc4 Bd7 10. h4 Rc8 11. Bb3 h5 12. O-O-O Ne5 13. Bg5 Rc5 14. Kb1 Re8 15. Bh6 Bxh6 16. Qxh6 Rxc3 17. bxc3 a5 18. g4 a4 19. gxh5 axb3 20. cxb3 Nxh5 21. Rhg1 Ng7 22. h5 e6 23. hxg6 Nxg6 24. f4 Qf6 25. Rdf1 e5 26. f5 Qh4 27. Rxg6 Qxh6 28. Rxh6 exd4 29. cxd4 Rxe4 30. f6 Bf5 31. Ka1 Bg6 32. fxg7 Rxd4 33. Rh2 Kxg7 34. Kb2 b5 35. Rff2 Re4 36. Rd2 Re6 37. Rhf2 b4 38. Rf4 Be4 39. Rd4 f5 40. Rxb4 d5 41. Kc3 Kf6 42. Kd4 Kg5 43. Rf2 f4 44. Rb8 f3 45. Rg8+ Kf4 46. a4 Rb6 47. Kc3 d4+ 48. Kxd4 Rd6+ 49. Kc5 Rd5+ 50. Kc4 Rd7 51. Rf8+ Ke3 52. Rh2 Rc7+ 53. Kb4 Rb7+ 54. Ka3 Bd5 55. b4 Rc7 56. b5 Rc3+ 57. Kb4 Rc4+ 58. Ka5 Be4 59. b6 Bc6 60. Ra2 f2 61. Ka6 Rxa4+ 62. Rxa4 Bxa4 63. Rxf2 1-0


[Site "https://www.chess.com"]

[Event "Late Titled Tuesday Blitz February 8 2022"]
[White "Estrada Nieto, Julian"]
[Black "Balint, Vilmos"]
[WhiteFideId "5101018"]
[BlackFideId "718050"]
[WhiteElo "2246"]
[BlackElo "2059"]
[Result "0-1"]
[Round "10"]
[TimeControl "180+1"]
[Date "2022.02.09"]
[WhiteClock "0:00:01"]
[BlackClock "0:00:52"]

1. e4 e5 2. Nf3 Nc6 3. Bb5 Nf6 4. O-O Bc5 5. c3 O-O 6. d4 Bb6 7. Qd3 d6 8. Bg5 h6 9. Bh4 a6 10. Bc4 Bg4 11. Nbd2 Re8 12. Rfe1 Na5 13. b4 Nxc4 14. Nxc4 exd4 15. Nxb6 cxb6 16. cxd4 Rc8 17. h3 Bh5 18. d5 b5 19. Nd4 Rc4 20. a3 Bg6 21. f3 Qb6 22. Bf2 Qc7 23. Qd2 Rc8 24. Be3 Nd7 25. Rac1 Ne5 26. Rxc4 Nxc4 27. Qc3 Nxe3 28. Qxe3 Qc3 29. f4 Rc4 30. Qxc3 Rxc3 31. e5 Rd3 32. exd6 Rxd4 33. d7 Rxd5 34. Re8+ Kh7 35. d8=Q Rxd8 36. Rxd8 Be4 37. Kf2 Kg6 38. g4 h5 39. Rd6+ f6 40. Ke3 Bg2 41. gxh5+ Kxh5 42. Kf2 Bxh3 43. Rb6 Bc8 44. Kg3 Kg6 45. Rd6 Bf5 46. Rd8 Be4 47. Rb8 Bc6 48. Kg4 Bd7+ 49. Kg3 Bc6 50. Kf2 Kf5 51. Ke3 g5 52. Rg8 gxf4+ 53. Kf2 f3 54. Ke3 Ke5 55. Rf8 f5 56. Rg8 Be4 57. Kf2 Kd4 0-1


[Site "https://www.chess.com"]

[Event "Late Titled Tuesday Blitz February 8 2022"]
[White "Garriga Cazorla, Pere"]
[Black "Nogerbek, Kazybek"]
[WhiteFideId "32011601"]
[BlackFideId "13710427"]
[WhiteElo "2458"]
[BlackElo "2478"]
[Result "0-1"]
[Round "10"]
[TimeControl "180+1"]
[Date "2022.02.08"]
[WhiteClock "0:00:05"]
[BlackClock "0:01:03"]

1. Nf3 d5 2. c4 d4 3. g3 Nc6 4. Bg2 e5 5. d3 Nf6 6. O-O Be7 7. e3 O-O 8. exd4 exd4 9. Re1 Bf5 10. Ne5 Nxe5 11. Rxe5 Qd7 12. Bxb7 Rae8 13. Bg5 Ng4 14. Rxe7 Rxe7 15. Bxe7 Qxe7 16. Na3 Qb4 17. Be4 Bxe4 18. dxe4 Qxb2 19. Nc2 Ne5 20. Rb1 Qc3 21. Rb3 Qxc4 22. f4 Nc6 23. Kg2 h5 24. Na3 Qe6 25. Qf3 h4 26. g4 Re8 27. e5 Ne7 28. Nb5 Qd7 29. a4 a6 30. Na7 Nd5 31. Kh3 c6 32. Nxc6 Qxc6 33. Qe4 Qc4 34. Rb7 Qd3+ 35. Qxd3 Nxf4+ 36. Kxh4 Nxd3 0-1


[Site "https://www.chess.com"]

[Event "Late Titled Tuesday Blitz February 8 2022"]
[White "Gerbelli Neto, Eduardo"]
[Black "Beulen, Marcel"]
[WhiteFideId "2103281"]
[BlackFideId "1001450"]
[WhiteElo "2178"]
[BlackElo "2349"]
[Result "1/2-1/2"]
[Round "10"]
[TimeControl "180+1"]
[Date "2022.02.09"]
[WhiteClock "0:00:19"]
[BlackClock "0:00:11"]

1. e4 d5 2. exd5 Qxd5 3. Nc3 Qa5 4. Bc4 Nf6 5. d3 Bg4 6. f3 Bd7 7. Qe2 e6 8. Bd2 Qb6 9. O-O-O a6 10. Nd5 Nxd5 11. Bxd5 Nc6 12. Bc3 O-O-O 13. Bb3 Nd4 14. Qd2 Nxb3+ 15. axb3 f6 16. Nh3 e5 17. Nf2 Be7 18. Kb1 Rhe8 19. Ne4 h6 20. g4 Kb8 21. h4 Qb5 22. Qe3 Bc8 23. h5 Qd5 24. Bd2 Bf8 25. Nc3 Qf7 26. Be1 b6 27. Bf2 Bb7 28. Ne4 Qd5 29. Rhf1 a5 30. Be1 Rd7 31. Bc3 Red8 32. Ng3 Bc5 33. Qe2 Qf7 34. Nf5 Bf8 35. Nh4 Qd5 36. Nf5 Re8 37. Rde1 Red8 38. Rd1 Qb5 39. Qd2 Ka7 40. Qe2 Kb8 41. Rde1 a4 42. bxa4 Qxa4 43. Ne3 Qc6 44. Nf5 Rd5 45. Qe4 Qd7 46. Qe2 Rb5 47. Kc1 Qc6 48. Qe4 Qc5 49. Qc4 Qxc4 50. dxc4 Rc5 51. b3 Rc6 52. Rd1 Kc8 53. Rxd8+ Kxd8 54. Kd2 Re6 55. Ke2 e4 56. f4 Ke8 57. Ra1 Kd7 58. Ra7 Kc8 59. Ra1 e3 60. Rd1 Re4 61. Rd4 Re6 62. Rd3 Bc5 63. Bd4 Be4 64. Rxe3 Bxf5 65. Bxc5 Bxg4+ 66. Kd2 Rxe3 67. Bxe3 Bxh5 68. c3 Bf7 69. Kd3 Kd7 70. Ke4 g5 71. f5 Ke7 72. Kd4 Be8 73. Bf2 Bd7 74. Bg3 c6 75. Ke4 b5 76. cxb5 cxb5 77. b4 Bc6+ 78. Kd4 Bd7 79. Ke4 h5 80. Bf2 h4 81. Bc5+ Kf7 82. Bd6 g4 83. Kf4 g3 84. Kg4 g2 85. Bc5 Kg7 86. Kxh4 Bxf5 87. Kg3 Be4 88. Kf4 f5 89. Ke5 Kg6 90. Kf4 Kf6 91. Bd4+ Ke6 92. Ke3 Kd5 93. Kf4 Kc4 94. Kg3 Kd3 95. Kf2 f4 96. Be5 f3 97. Bd4 Bc6 98. Be5 Ke4 99. Bd4 Kf5 100. Kg3 Bd5 101. Bg7 Ke4 102. Bd4 Kd3 103. Kf2 Kd2 104. Be5 Bc6 105. Bd4 Kd3 106. Be5 Ke4 107. Bd4 Kf5 108. Kg3 Kg5 109. Be5 Kf5 110. Bd4 1/2-1/2


[Site "https://www.chess.com"]

[Event "Late Titled Tuesday Blitz February 8 2022"]
[White "Golubovskis, Maksims"]
[Black "Einarsson, Halldor Gretar"]
[WhiteFideId "11608528"]
[BlackFideId "2300150"]
[WhiteElo "2066"]
[BlackElo "2114"]
[Result "0-1"]
[Round "10"]
[TimeControl "180+1"]
[Date "2022.02.09"]
[WhiteClock "0:00:14"]
[BlackClock "0:00:51"]

1. e4 e5 2. Nf3 Nc6 3. d4 exd4 4. Nxd4 Nf6 5. Nxc6 bxc6 6. e5 Qe7 7. Qe2 Nd5 8. c4 Ba6 9. h4 f6 10. Rh3 fxe5 11. Ra3 Nb4 12. Bd2 Qe6 13. Bc3 e4 14. Nd2 Nc2+ 15. Kd1 Nxa3 16. bxa3 d5 17. Nb3 Bxc4 18. Qe1 c5 19. Bxc4 dxc4 20. Nd2 O-O-O 21. Kc2 Bd6 22. Nxe4 Rhe8 23. Nxd6+ Qxd6 24. Qc1 Qd3+ 25. Kb2 Re2+ 0-1


[Site "https://www.chess.com"]

[Event "Late Titled Tuesday Blitz February 8 2022"]
[White "Gracia Alvarez, Gerardo Antonio"]
[Black "Romanchuk, Viktor"]
[WhiteFideId "5109124"]
[BlackFideId "14109271"]
[WhiteElo "2139"]
[BlackElo "2242"]
[Result "1-0"]
[Round "10"]
[TimeControl "180+1"]
[Date "2022.02.09"]
[WhiteClock "0:00:03"]
[BlackClock "0:00:19"]

1. c4 c6 2. e4 d5 3. cxd5 cxd5 4. exd5 Qxd5 5. Nc3 Qd8 6. d4 Nf6 7. Nf3 e6 8. Bd3 Be7 9. O-O O-O 10. Re1 Nbd7 11. Bc2 Nb6 12. Ne5 Bd7 13. Bg5 Bc6 14. Qd3 g6 15. Rad1 Bd5 16. Bh6 Re8 17. Qh3 Rc8 18. Nxd5 Nbxd5 19. Nxf7 Qb6 20. Bxg6 hxg6 21. Ne5 Bf8 22. Bxf8 Rxf8 23. Nxg6 Kg7 24. Nxf8 Rxf8 25. Rxe6 Qxb2 26. Re5 Qc2 27. Rde1 Qg6 28. Qf3 Rf7 29. Rxd5 Ng4 30. Qg3 Rxf2 31. h3 Rf5 32. Rxf5 Qxf5 33. Qxg4+ Qxg4 34. hxg4 b5 35. Re7+ 1-0


[Site "https://www.chess.com"]

[Event "Late Titled Tuesday Blitz February 8 2022"]
[White "Grigorov, Grigor"]
[Black "Aradhya, Garg"]
[WhiteFideId "2907313"]
[BlackFideId "25006746"]
[WhiteElo "2510"]
[BlackElo "2169"]
[Result "1-0"]
[Round "10"]
[TimeControl "180+1"]
[Date "2022.02.08"]
[WhiteClock "0:00:14"]
[BlackClock "0:00:02"]

1. d4 d5 2. c4 c6 3. cxd5 cxd5 4. Nf3 Nc6 5. Nc3 Nf6 6. Bf4 Ne4 7. e3 Nxc3 8. bxc3 e6 9. Bd3 Bd6 10. Bxd6 Qxd6 11. O-O O-O 12. c4 b6 13. cxd5 exd5 14. Rc1 Bd7 15. Qb3 Rac8 16. h3 g6 17. Qb2 Nb4 18. Be2 Nc6 19. a3 Rc7 20. Rc3 Rfc8 21. Ba6 Rb8 22. Rfc1 b5 23. Ne5 Rb6 24. Nxd7 Rxd7 25. Bc8 Rc7 26. Bg4 a5 27. Rc5 b4 28. Bf3 Rcb7 29. Bxd5 bxa3 30. Qxa3 Rc7 31. Qc3 a4 32. Bxc6 a3 33. Qxa3 Kg7 34. Qc3 Ra6 35. g3 Ra2 36. Kg2 Qf6 37. Bf3 Rb7 38. d5 Rbb2 39. Qxf6+ Kxf6 40. Rf1 Ke5 41. Rc7 f5 42. Rxh7 g5 43. Rh5 Kf6 44. Rh6+ Kg7 45. Re6 Kf7 46. Bh5+ 1-0


[Site "https://www.chess.com"]

[Event "Late Titled Tuesday Blitz February 8 2022"]
[White "Gurevich, Dmitry"]
[Black "Tan, Jun Ying"]
[WhiteFideId "2000407"]
[BlackFideId "5710413"]
[WhiteElo "2506"]
[BlackElo "1827"]
[Result "1-0"]
[Round "10"]
[TimeControl "180+1"]
[Date "2022.02.09"]
[WhiteClock "0:00:08"]
[BlackClock "0:00:13"]

1. d4 Nf6 2. c4 e5 3. dxe5 Ng4 4. Bf4 Bb4+ 5. Nc3 Nc6 6. Nf3 Qe7 7. Qd5 f6 8. exf6 Bxc3+ 9. bxc3 Nxf6 10. Qd3 d6 11. g3 O-O 12. Bg2 Ne4 13. Nd4 Nxf2 14. Kxf2 g5 15. Rhf1 gxf4 16. Kg1 Ne5 17. Qe4 fxg3 18. Rxf8+ Qxf8 19. hxg3 Bg4 20. Rf1 Qh6 21. Nf3 Qg6 22. Nxe5 Qxe4 23. Bxe4 dxe5 24. Bxb7 Rb8 25. Bd5+ Kg7 26. Rf7+ Kg6 27. Rxc7 Bxe2 28. Rxa7 Rc8 29. Be4+ Kg5 30. Kf2 Bxc4 31. Bxh7 Rb8 32. Ke3 Rb2 33. Bd3 Bxa2 34. Ra5 Kf6 35. c4 Bb1 36. Ra6+ Kf7 37. Bxb1 Rxb1 38. Ke4 Rc1 39. Rc6 Rc3 40. g4 Rg3 41. Kf5 e4 42. Rc7+ Ke8 43. Rc5 Kf7 44. Kf4 Rg1 45. Re5 Rf1+ 46. Kxe4 Rg1 47. Rf5+ Ke6 48. Rf4 Rc1 49. Kd4 Rd1+ 50. Kc5 Ke5 51. Rf8 Rg1 52. Kc6 Rxg4 53. c5 Ke6 54. Re8+ Kf7 55. Re1 Rg2 56. Kc7 Rc2 57. c6 Kf8 58. Kd7 Kf7 59. c7 Rd2+ 60. Kc8 Kf6 61. Rb1 Ke7 62. Kb8 Rc2 63. c8=Q Rd2 64. Qc7+ Ke6 65. Qb6+ Ke5 66. Rb5+ Ke4 67. Rb4+ Kd3 68. Qb5+ Ke3 69. Qc5+ Ke2 70. Rb3 Ke1 71. Qc3 Kd1 72. Qxd2+ Kxd2 73. Rb7 Kc2 74. Kc7 Kd3 75. Kc6 Kc4 76. Rb5 Kd4 77. Kb6 Kc4 78. Rc5+ Kd4 79. Kb5 Ke4 80. Kc4 Ke3 81. Rd5 Ke4 82. Kc5 Ke3 83. Rd4 Kf3 84. Kc4 Ke3 85. Kc3 Kf3 86. Kd3 Kg3 87. Ke3 Kg2 88. Ke2 Kg3 89. Re4 Kg2 90. Rg4+ Kh3 91. Rg8 Kh4 92. Kf3 Kh5 93. Rg1 Kh4 94. Rg7 Kh5 95. Kf4 Kh6 96. Rg1 Kh7 97. Rg2 Kh6 98. Kf5 Kh7 99. Kf6 Kh8 100. Kf7 Kh7 101. Rh2# 1-0


[Site "https://www.chess.com"]

[Event "Late Titled Tuesday Blitz February 8 2022"]
[White "Hasangatin, Ramil"]
[Black "Mogranzini, Roberto"]
[WhiteFideId "4122160"]
[BlackFideId "810894"]
[WhiteElo "2375"]
[BlackElo "2469"]
[Result "1-0"]
[Round "10"]
[TimeControl "180+1"]
[Date "2022.02.09"]
[WhiteClock "0:01:59"]
[BlackClock "0:01:14"]

1. e4 d6 2. d4 Nf6 3. Nc3 e5 4. dxe5 dxe5 5. Qxd8+ Kxd8 6. Bc4 Bb4 7. Bd2 Ke7 8. f3 Be6 9. Bxe6 Kxe6 10. O-O-O c6 11. Nh3 Na6 12. Nf2 Nc5 13. Be3 Bxc3 14. Bxc5 Bd4 15. Bxd4 exd4 16. Rxd4 Rhd8 17. Rxd8 Rxd8 18. Rd1 Rb8 19. Nd3 g5 20. Nc5+ Ke7 21. e5 Nd5 22. c4 Nb6 23. b3 h5 24. Kc2 Rg8 25. Rd6 Rb8 26. Kd3 h4 27. Ke4 Nc8 28. Rd7+ Ke8 29. Rxb7 1-0


[Site "https://www.chess.com"]

[Event "Late Titled Tuesday Blitz February 8 2022"]
[White "Hoffmann, Asa"]
[Black "Ortiz Verdezoto, Anahi"]
[WhiteFideId "2001470"]
[BlackFideId "3614581"]
[WhiteElo "2117"]
[BlackElo "1785"]
[Result "1/2-1/2"]
[Round "10"]
[TimeControl "180+1"]
[Date "2022.02.09"]
[WhiteClock "0:00:19"]
[BlackClock "0:00:20"]

1. d4 Nf6 2. Bg5 e6 3. Nd2 h6 4. Bh4 g5 5. Bg3 Nh5 6. Be5 Bg7 7. Bxg7 Nxg7 8. e4 d5 9. e5 c5 10. c3 Nd7 11. h4 Qb6 12. hxg5 cxd4 13. gxh6 Nf5 14. cxd4 Qxd4 15. Ngf3 Qg4 16. Qb3 Rxh6 17. Rxh6 Nxh6 18. O-O-O Nb6 19. Bb5+ Bd7 20. Bxd7+ Kxd7 21. Qb5+ Ke7 22. Qc5+ Ke8 23. Kb1 Rc8 24. Qb5+ Kf8 25. Rh1 Kg7 26. a3 Qf5+ 27. Ka1 Ng4 28. Qe2 Nc4 29. Nxc4 Rxc4 30. Rh4 Nxe5 31. Rxc4 Nxc4 32. Qd1 Qe4 33. Ng5 Qe5 34. Qc1 Nxa3 35. f4 Qf6 36. g3 Nc4 37. Qc2 Qg6 38. Qc3+ e5 39. Nf3 Qa6+ 40. Kb1 d4 41. Nxd4 exd4 42. Qxd4+ Kg8 43. Qd8+ Kh7 44. Qd3+ Kg7 45. Qd4+ f6 46. Qd7+ Kh6 47. Qh3+ Kg6 48. Qg4+ Kf7 49. Qd7+ Kg8 50. Qd5+ Kh7 51. Qf5+ Kg7 52. Qd7+ Kg6 53. Qg4+ Kh7 54. Qh3+ Kg8 55. Qc8+ Kg7 56. Qd7+ 1/2-1/2


[Site "https://www.chess.com"]

[Event "Late Titled Tuesday Blitz February 8 2022"]
[White "Holt, Conrad"]
[Black "Wu, Christopher"]
[WhiteFideId "2034387"]
[BlackFideId "2040875"]
[WhiteElo "2586"]
[BlackElo "2666"]
[Result "1-0"]
[Round "10"]
[TimeControl "180+1"]
[Date "2022.02.08"]
[WhiteClock "0:00:17"]
[BlackClock "0:00:06"]

1. d4 Nf6 2. c4 e6 3. Nc3 Bb4 4. Qc2 O-O 5. a3 Bxc3+ 6. bxc3 b6 7. e4 d6 8. Bd3 e5 9. Ne2 Nfd7 10. O-O Bb7 11. f4 Qe7 12. Ng3 g6 13. fxe5 dxe5 14. Bh6 Re8 15. Rf3 exd4 16. cxd4 Nc6 17. Qf2 Rad8 18. Nf5 Qf6 19. Bg7 Qg5 20. h4 Qh5 21. g4 Qxg4+ 22. Rg3 gxf5 23. Rxg4 fxg4 24. Bh6 Nxd4 25. Qxd4 Ne5 26. Qe3 Rxd3 27. Qg5+ Ng6 28. Re1 Rg3+ 29. Kf2 f6 30. Qb5 Rf3+ 31. Ke2 Rxe4+ 32. Kd2 c6 33. Qb4 Rxe1 34. Kxe1 Rd3 35. c5 g3 36. Qg4 Re3+ 37. Kd2 Re7 38. h5 Kf7 39. hxg6+ hxg6 40. Qxg3 bxc5 41. Be3 Rd7+ 42. Kc1 Ba6 43. Bxc5 Bc4 44. Qh4 Bd5 45. Qh7+ Ke6 46. Qxg6 Rb7 47. Qg4+ Kf7 48. Qf5 Rb5 49. Bd4 Rb3 50. Qxf6+ Ke8 51. Bc5 Kd7 52. Qe7+ Kc8 53. Bd6 Rc3+ 54. Kd2 1-0


[Site "https://www.chess.com"]

[Event "Late Titled Tuesday Blitz February 8 2022"]
[White "Horvath, Dominik"]
[Black "Velikanov, Alexander"]
[WhiteFideId "1642561"]
[BlackFideId "2039290"]
[WhiteElo "2336"]
[BlackElo "2259"]
[Result "1-0"]
[Round "10"]
[TimeControl "180+1"]
[Date "2022.02.08"]
[WhiteClock "0:00:11"]
[BlackClock "0:00:20"]

1. e4 e5 2. f4 exf4 3. Nf3 Nf6 4. e5 Nh5 5. d4 d6 6. Qe2 d5 7. Nc3 Nc6 8. Bd2 Bf5 9. O-O-O Nb4 10. Ne1 g6 11. Qf2 Be7 12. a3 Bh4 13. Qf3 Bxe1 14. axb4 Bxd2+ 15. Rxd2 c6 16. Ne2 Qg5 17. Kb1 Be4 18. Qc3 f6 19. b5 O-O 20. Ng1 fxe5 21. dxe5 cxb5 22. Nf3 Qf5 23. Bxb5 Rac8 24. Qb3 Rc5 25. Rc1 Rfc8 26. Bd3 R8c7 27. Rcd1 Bxf3 28. Bxf5 Bxd1 29. Be6+ Kg7 30. Rxd1 f3 31. gxf3 Nf4 32. Bg4 Re7 33. Qe3 Rc4 34. b3 Rb4 35. Qc5 1-0


[Site "https://www.chess.com"]

[Event "Late Titled Tuesday Blitz February 8 2022"]
[White "Howell, David W L"]
[Black "Moroni, Luca Jr"]
[WhiteFideId "410608"]
[BlackFideId "865834"]
[WhiteElo "2559"]
[BlackElo "2573"]
[Result "1-0"]
[Round "10"]
[TimeControl "180+1"]
[Date "2022.02.08"]
[WhiteClock "0:00:14"]
[BlackClock "0:00:02"]

1. e4 g6 2. f4 Bg7 3. Nc3 d6 4. Nf3 Nf6 5. d4 O-O 6. Be3 Nc6 7. Qd2 e5 8. fxe5 dxe5 9. d5 Ne7 10. O-O-O Bg4 11. Be2 Ne8 12. h3 Bxf3 13. Bxf3 Nd6 14. Qe2 f5 15. Kb1 Qd7 16. g4 fxe4 17. Nxe4 Nxe4 18. Bxe4 Nc8 19. h4 Nd6 20. Bg2 e4 21. h5 Rae8 22. hxg6 hxg6 23. g5 Qa4 24. Bh3 Nc4 25. b3 Na3+ 26. Kc1 Qb4 27. Qd2 Bb2+ 28. Kxb2 Nc4+ 29. Kb1 Nxd2+ 30. Rxd2 Rf3 31. Be6+ Kf8 32. Re2 Qc3 33. Bc1 Ke7 34. Rxe4 Kd8 35. Bb2 Qd2 36. Bf6+ Rxf6 37. gxf6 Qg2 38. Reh4 c6 39. Rh7 cxd5 40. Rd7+ Kc8 41. Re7+ Kd8 42. Rxe8+ Kc7 43. Rc1 1-0


[Site "https://www.chess.com"]

[Event "Late Titled Tuesday Blitz February 8 2022"]
[White "Iskusnyh, Sergei"]
[Black "Kopylov, Alexander A."]
[WhiteFideId "4120027"]
[BlackFideId "4164857"]
[WhiteElo "2492"]
[BlackElo "2436"]
[Result "1/2-1/2"]
[Round "10"]
[TimeControl "180+1"]
[Date "2022.02.08"]
[WhiteClock "0:00:09"]
[BlackClock "0:00:13"]

1. d4 Nf6 2. c4 d6 3. Nf3 Nbd7 4. g3 e5 5. Nc3 Be7 6. Bg2 O-O 7. O-O c6 8. Qc2 Qe8 9. b3 h6 10. e3 a6 11. a4 a5 12. Rd1 exd4 13. exd4 Qd8 14. Re1 Re8 15. Bf4 Nf8 16. h3 Ng6 17. Be3 Bf8 18. Rad1 Bd7 19. d5 c5 20. Bd2 Qb6 21. Nb5 Bxb5 22. axb5 Qc7 23. Bc3 Nd7 24. Nd2 b6 25. Be4 Ne7 26. Re3 g6 27. Rde1 Bg7 28. Bxg7 Kxg7 29. Bxg6 Ne5 30. Be4 Qd7 31. Kh2 Ng8 32. f4 Ng6 33. Bxg6 fxg6 34. Re6 Qf7 35. Qc3+ Kh7 36. Ne4 Rxe6 37. dxe6 Qe7 38. Qd3 Rd8 39. Nc3 Nf6 40. Nd5 Nxd5 41. Qxd5 Kg7 42. h4 Rf8 43. Re2 Rf5 44. Qc6 g5 45. Qd7 Kf8 46. fxg5 hxg5 47. hxg5 Rf3 48. Kg2 Rxg3+ 49. Kxg3 Qxg5+ 50. Kf2 Qf4+ 51. Kg2 Qg4+ 52. Kf1 Qh3+ 53. Ke1 Qc3+ 54. Kf2 Qf6+ 55. Kg1 Qg5+ 56. Kf1 Qc1+ 57. Kg2 Qg5+ 58. Kh1 Qh5+ 59. Kg1 Qg4+ 60. Kf1 Qh3+ 61. Ke1 Qc3+ 62. Rd2 Qe3+ 63. Kf1 Qh3+ 64. Rg2 Qd3+ 65. Kg1 Qd1+ 66. Kh2 Qh5+ 67. Kg3 Qg5+ 68. Kf3 Qf5+ 69. Ke2 Qc2+ 70. Ke3 Qc3+ 71. Ke4 Qe5+ 72. Kf3 Qf5+ 73. Ke2 Qe4+ 74. Kf1 Qd3+ 75. Kf2 Qd2+ 76. Kg3 Qg5+ 77. Kf3 Qf5+ 1/2-1/2


[Site "https://www.chess.com"]

[Event "Late Titled Tuesday Blitz February 8 2022"]
[White "Janaszak, Dawid"]
[Black "Novikov, Evgenij"]
[WhiteFideId "1119206"]
[BlackFideId "4125380"]
[WhiteElo "2199"]
[BlackElo "2242"]
[Result "1-0"]
[Round "10"]
[TimeControl "180+1"]
[Date "2022.02.09"]
[WhiteClock "0:00:25"]
[BlackClock "0:00:12"]

1. e4 c5 2. Na3 d6 3. f4 Nc6 4. Nf3 Nf6 5. d3 Bg4 6. Be2 Rb8 7. Nc4 e6 8. O-O Be7 9. Ne3 Bxf3 10. Bxf3 Nd4 11. c3 Nxf3+ 12. Qxf3 d5 13. e5 Nd7 14. Bd2 O-O 15. Rae1 b5 16. Ng4 g6 17. Nh6+ Kg7 18. f5 exf5 19. Qxd5 Nb6 20. Qf3 Qd5 21. Qg3 Kh8 22. e6 Bd6 23. Qh4 fxe6 24. Bg5 Be5 25. Rf3 Bg7 26. Rh3 Bd4+ 27. cxd4 Qxd4+ 28. Qxd4+ cxd4 29. Rxe6 Rbe8 30. Rxe8 Rxe8 31. Bf6# 1-0


[Site "https://www.chess.com"]

[Event "Late Titled Tuesday Blitz February 8 2022"]
[White "Jarocka, Liwia"]
[Black "Oro, Luis"]
[WhiteFideId "21807558"]
[BlackFideId "104094"]
[WhiteElo "1896"]
[BlackElo "2299"]
[Result "1-0"]
[Round "10"]
[TimeControl "180+1"]
[Date "2022.02.09"]
[WhiteClock "0:00:11"]
[BlackClock "0:00:03"]

1. c4 Nf6 2. Nc3 g6 3. g3 Bg7 4. Bg2 O-O 5. d4 d6 6. Nf3 Nbd7 7. O-O e5 8. dxe5 dxe5 9. e4 c6 10. b3 Qc7 11. Bb2 Nc5 12. Qe2 Bg4 13. h3 Bxf3 14. Bxf3 Ne6 15. Nd1 Nd4 16. Bxd4 exd4 17. Nb2 c5 18. Nd3 Nd7 19. Bg2 Rfe8 20. Rae1 f5 21. Qc2 fxe4 22. Rxe4 Rxe4 23. Bxe4 Re8 24. Bg2 Nf6 25. Nf4 b6 26. Qd2 Bh6 27. Nd5 Nxd5 28. Bxd5+ Kg7 29. Qd1 Re3 30. fxe3 Qxg3+ 31. Bg2 Bxe3+ 32. Kh1 Bf4 33. Rxf4 Qxf4 34. Qf3 Qd6 35. Qb7+ Kh6 36. Qd5 Qf4 37. Qf3 Qd6 38. Qd3 Qe5 39. a4 Qe1+ 40. Kh2 Qe5+ 41. Kg1 Kg7 42. Qe4 Qd6 43. Kf2 Qf6+ 44. Ke2 Qg5 45. Qb7+ Kh6 46. Qf3 Qe5+ 47. Kd2 Qh2 48. a5 Qe5 49. axb6 axb6 50. Kd3 Qe1 51. Qf8+ Kg5 52. Qd8+ Kh6 53. Qf8+ Kg5 54. Qf3 Qb1+ 55. Ke2 Qc2+ 56. Kf1 Qc1+ 57. Kf2 Qd2+ 58. Qe2 Qf4+ 59. Ke1 Qg3+ 60. Kd2 Qc3+ 61. Kd1 Qxb3+ 62. Qc2 Qg3 63. Qd2+ Kf6 64. Bd5 Qxh3 65. Qf4+ Qf5 66. Qd6+ Kg5 67. Qxb6 Qd3+ 68. Ke1 Qe3+ 69. Kd1 Qe7 70. Qb1 h5 71. Qc1+ Kf5 72. Qd2 Qe3 73. Qxe3 dxe3 74. Ke2 Kf4 75. Bf7 h4 76. Bxg6 h3 77. Bf7 1-0


[Site "https://www.chess.com"]

[Event "Late Titled Tuesday Blitz February 8 2022"]
[White "Jaskolka, Tomasz"]
[Black "Miszler, Levente"]
[WhiteFideId "1170791"]
[BlackFideId "763276"]
[WhiteElo "2054"]
[BlackElo "1966"]
[Result "0-1"]
[Round "10"]
[TimeControl "180+1"]
[Date "2022.02.09"]
[WhiteClock "0:00:02"]
[BlackClock "0:00:38"]

1. e4 e6 2. d4 d5 3. Nc3 Nf6 4. e5 Nfd7 5. f4 c5 6. Nf3 Nc6 7. Be3 Qb6 8. Qd2 Qxb2 9. Rb1 Qa3 10. Be2 a6 11. O-O cxd4 12. Nxd4 Nxd4 13. Bxd4 Bc5 14. Rb3 Bxd4+ 15. Qxd4 Qc5 16. Rd1 Qxd4+ 17. Rxd4 Ke7 18. a4 Nc5 19. Rb6 Bd7 20. a5 Bc6 21. Bf3 Rhc8 22. Ne2 Rc7 23. Rdb4 Rac8 24. Nd4 Bd7 25. Kf2 f6 26. Ke3 Bc6 27. g4 fxe5 28. fxe5 Nd7 29. Nxc6+ bxc6 30. Rxa6 Nxe5 31. Be2 Kd6 32. Rab6 Ra8 33. a6 Rca7 34. Rb7 Nd7 35. c4 Nc5 36. cxd5 exd5 37. R7b6 Nxa6 38. Rb1 Nc5 39. Kf4 Rf8+ 40. Kg3 Ne4+ 41. Kh4 Ra3 42. R1b3 Ra2 43. Rb2 Ra3 44. R2b3 Rxb3 45. Rxb3 Rf2 46. Bd3 Rxh2# 0-1


[Site "https://www.chess.com"]

[Event "Late Titled Tuesday Blitz February 8 2022"]
[White "Jobava, Baadur"]
[Black "Andreikin, Dmitry"]
[WhiteFideId "13601520"]
[BlackFideId "4158814"]
[WhiteElo "2617"]
[BlackElo "2736"]
[Result "0-1"]
[Round "10"]
[TimeControl "180+1"]
[Date "2022.02.08"]
[WhiteClock "0:00:14"]
[BlackClock "0:00:04"]

1. b3 Nf6 2. Bb2 b6 3. c4 Bb7 4. Nc3 g6 5. e4 Bg7 6. e5 Ne4 7. Nce2 d6 8. d3 Nxf2 9. Kxf2 dxe5 10. Nf3 Nc6 11. Nc3 O-O 12. Be2 f5 13. Qb1 Nd4 14. Rd1 e4 15. dxe4 fxe4 16. Nxe4 c5 17. Ke1 Qc7 18. Bxd4 cxd4 19. Qd3 Qf4 20. Neg5 e5 21. Ne6 Qh6 22. Qd2 Rf4 23. Nxf4 exf4 24. Kf1 g5 25. h3 Re8 26. Re1 Re3 27. Nxd4 Bxg2+ 28. Kg1 Qxh3 29. Bg4 Qxg4 30. Rxe3 Bb7+ 31. Kf1 fxe3 32. Qxe3 Bxd4 33. Qe8+ Kg7 34. Qe7+ Kg6 35. Qd6+ Kh5 36. Qh2+ Kg6 37. Qd6+ Bf6 38. Qd3+ Qf5+ 39. Qxf5+ Kxf5 40. Rc1 g4 41. Ke2 Bf3+ 42. Kd3 Be4+ 43. Ke2 g3 44. b4 g2 45. c5 bxc5 46. bxc5 Bd4 47. c6 g1=Q 48. Rxg1 Bxg1 0-1


[Site "https://www.chess.com"]

[Event "Late Titled Tuesday Blitz February 8 2022"]
[White "Kamsky, Gata"]
[Black "Shahade, Gregory"]
[WhiteFideId "2000024"]
[BlackFideId "2009064"]
[WhiteElo "2645"]
[BlackElo "2671"]
[Result "1-0"]
[Round "10"]
[TimeControl "180+1"]
[Date "2022.02.08"]
[WhiteClock "0:01:24"]
[BlackClock "0:00:27"]

1. d4 Nf6 2. Nf3 g6 3. Bg5 Bg7 4. c3 O-O 5. Nbd2 d6 6. e4 c5 7. d5 e6 8. dxe6 Bxe6 9. Bc4 Bxc4 10. Nxc4 d5 11. Bxf6 Qxf6 12. Qxd5 Nc6 13. O-O b6 14. e5 Qe6 15. Qxe6 fxe6 16. Rfd1 b5 17. Rd6 Rac8 18. Ncd2 Rfe8 19. Re1 Rc7 20. Nb3 Bf8 21. Rdd1 a5 22. a4 bxa4 23. Nbd2 Rb8 24. Nc4 Ne7 25. Ra1 Nd5 26. Rxa4 Ra7 27. Rea1 Be7 28. g3 Bd8 29. Nfd2 Rb5 30. Ne4 Bc7 31. Kg2 Kg7 32. h4 h6 33. Rd1 Rab7 34. Rd2 Rb8 35. f4 Rd8 36. Kf3 Rf8 37. Ke2 Rfb8 38. Ra2 Rf8 39. Na3 Rb3 40. Nxc5 Rb6 41. Nd7 Rfb8 42. Nxb8 Rxb8 43. Nc4 g5 44. hxg5 hxg5 45. f5 exf5 46. Rxd5 1-0


[Site "https://www.chess.com"]

[Event "Late Titled Tuesday Blitz February 8 2022"]
[White "Kanyamarala, Trisha"]
[Black "Lopez Del Alamo, Antonio"]
[WhiteFideId "45004722"]
[BlackFideId "2227339"]
[WhiteElo "2002"]
[BlackElo "2082"]
[Result "1-0"]
[Round "10"]
[TimeControl "180+1"]
[Date "2022.02.09"]
[WhiteClock "0:00:19"]
[BlackClock "0:00:16"]

1. c4 Nf6 2. Nc3 g6 3. g3 Bg7 4. Bg2 d6 5. Nf3 O-O 6. O-O e5 7. d3 Nc6 8. a3 a5 9. Rb1 h6 10. b4 axb4 11. axb4 Be6 12. Bd2 Qd7 13. Re1 Bh3 14. Bh1 Nd8 15. Qc1 Kh7 16. b5 Ng4 17. Nd5 f5 18. Qc2 Ne6 19. Bc3 e4 20. dxe4 fxe4 21. Qxe4 Rae8 22. Bxg7 Qxg7 23. Qc2 Qf7 24. Rbd1 c5 25. Bg2 Bxg2 26. Kxg2 Nd4 27. Qd3 Ne5 28. Qc3 Ndxf3 29. exf3 Nxf3 30. Rxe8 Nh4+ 31. gxh4 Qxf2+ 32. Kh1 Qf3+ 33. Qxf3 Rxf3 34. Rde1 g5 35. h5 Rf7 36. R1e7 Kg7 37. Rxf7+ Kxf7 38. Re7+ 1-0


[Site "https://www.chess.com"]